 Dungeon Crawl Stone Soup version 0.27-a0-412-g8dd771eca2 (webtiles) character file.

Game seed: 13526439857978179472

16 Armakuni the Poker (level 2, -3/24 HPs)
             Began as a Demigod Wanderer on Feb 23, 2021.
             Killed from afar by a dart slug (4 damage)
             ... with a slug dart
             ... on level 1 of the Dungeon.
             The game lasted 00:01:04 (353 turns).

Armakuni the Poker (Demigod Wanderer)                Turns: 353, Time: 00:01:04

Health: -3/24      AC:  2    Str: 13    XL:     2   Next: 24%
Magic:  5/5        EV:  9    Int: 13    God:
Gold:   26         SH:  7    Dex: 14    Spells: 2/3 levels left

rFire    . . .     SeeInvis .   a - +0 spear
rCold    . . .     Faith    .   b - +0 kite shield
rNeg     . . .     Spirit   .   d - +0 robe
rPois    .         Reflect  .   (no helmet)
rElec    .         Harm     .   (no cloak)
rCorr    .         Rampage  .   (no gloves)
Will     .....                  (no boots)
Stlth    ++........             (no amulet)
HPRegen  0.08/turn              (no ring)
MPRegen  0.09/turn              (no ring)

@: no status effects
A: high mp 1
a: no special abilities


You were on level 1 of the Dungeon.
You visited 1 branch of the dungeon, and saw 1 of its levels.

You collected 26 gold pieces.

Inventory:

Hand Weapons
 a - a +0 spear (weapon)
Armour
 b - a +0 kite shield (worn)
 d - a +0 robe (worn)
Scrolls
 e - a scroll of magic mapping {unknown}
 f - a scroll of identify {unknown}


   Skills:
 + Level 2.3 Fighting
 - Level 2.6 Polearms
 - Level 1.0 Dodging
 - Level 1.0 Stealth
 - Level 1.0 Shields
 - Level 1.0 Spellcasting
 - Level 1.7 Translocations


You had 2 spell levels left.
You knew the following spells:

 Your Spells              Type           Power        Failure   Level
a - Animate Skeleton      Necr           0%           86%         1

Your spell library contained the following spells:

 Spells                   Type           Power        Failure   Level
 Vampiric Draining        Necr           0%           99%         3


Dungeon Overview and Level Annotations

Branches:
Dungeon (1/15)


Innate Abilities, Weirdness & Mutations

You have an increased reservoir of magic. (+10% MP)


Message History

You hit the goblin.
The goblin is severely wounded.
You block the goblin's attack.
You hit the goblin but do no damage.
The goblin is severely wounded.
The goblin closely misses you.
You closely miss the goblin.
The goblin is severely wounded.
You block the goblin's attack.
You hit the goblin.
You kill the goblin!
You completely miss the kobold. You block the kobold's attack.
You miss the kobold. The kobold hits you but does no damage.
You barely miss the kobold.
The kobold hits you with a +0 short sword.
You block the kobold's attack.
You closely miss the kobold. The kobold hits you but does no damage.
You closely miss the kobold.
The kobold hits you with a +0 short sword.
You are too injured to fight recklessly!
You are too injured to fight recklessly!
You hit the kobold.
The kobold is heavily wounded.
The kobold hits you with a +0 short sword.
* * * LOW HITPOINT WARNING * * *
You hit the kobold.
You kill the kobold!
You hit the dart slug.
The dart slug is heavily wounded.
You block the dart slug's attack.
You hit the dart slug.
The dart slug is almost dead.
The dart slug launches a dart at you. The slug dart hits you.
* * * LOW HITPOINT WARNING * * *
You hit the dart slug but do no damage.
The dart slug is almost dead.
The dart slug launches a dart at you. The slug dart hits you.
You die...

.......#..).....†)............
.........[......##############
...>..........................
......##.#...##.##############
......##.#.#.##.# #
......†..###.##.# #
.............##.# #
.........######.#
...........)w@#.#
.........######.# ####
.........# #### .#.
..w......##...# #.#
....####......#.# ##.#
................## #)..
.......#.........# #...
##....#.........##########...
#... #......$...............


You could see a dart slug.

Vanquished Creatures
  A leopard gecko (D:1)
  4 goblins (D:1)
  A hobgoblin (D:1)
  A kobold (D:1)
  2 bats (D:1)
  A frilled lizard (D:1)
  4 rats (D:1)
14 creatures vanquished.

Vanquished Creatures (others)
  7 plants (D:1)
7 creatures vanquished.

Grand Total: 21 creatures vanquished

Notes
Turn   | Place    | Note
-------+----------+-------------------------------------------
     0 | D:1      | Armakuni the Demigod Wanderer began the quest for the Orb.
     0 | D:1      | Armakuni set off with the following items: a +0 spear, a +0
                  | kite shield, a +0 robe; and the following spell memorised:
                  | Animate Skeleton; and the following spells available to
                  | memorise: Vampiric Draining
     0 | D:1      | Reached XP level 1. HP: 16/16 MP: 4/4
   215 | D:1      | Reached XP level 2. HP: 15/24 MP: 5/5
   352 | D:1      | HP: 1/24 [dart slug/slug dart (5)]
   353 | D:1      | Killed from afar by a dart slug

Illustrated notes

Levels and vault maps discovered:
D:1:      dpeg_arrival_more_subterranean_lakeside_camping, layout_basic,
          serial_bayou_crossing

Skill      XL: |  1 |
---------------+----+-----
Fighting       | 2 |  2.3
Polearms       | |  2.6
Dodging        | |  1.0
Stealth        | |  1.0
Shields        | |  1.0
Spellcasting   | |  1.0
Translocations | |  1.7

Action                   || total
-------------------------++-------
Melee: Spear             ||    60
  Use: Scroll            ||     1
 Stab: Sleeping          ||     1
Armor: Robe              ||     7
Dodge: Dodged            ||    12
Block: Kite shield       ||    21

Table legend: (Time is in decaauts)
 A = Elapsed time spent in this place.
 B = Non-inter-level travel time spent in this place.
 C = Inter-level travel time spent in this place.
 D = Time resting spent in this place.
 E = Time spent auto-exploring this place.
 F = Levels seen in this place.
 G = Mean time per level.
                   A        B        C        D        E       F      G
               +--------+--------+--------+--------+--------+-----+--------+
         Total |    368 |    368 |      0 |     99 |    124 |   1 |  368.0 |
       Dungeon |    368 |    368 |      0 |     99 |    124 |   1 |  368.0 |
               +--------+--------+--------+--------+--------+-----+--------+

Top non-repeatable levels by time:
     D:1: 368 daAuts
